 Dungeon Crawl Stone Soup version 0.19.5 (webtiles) character file.

22775 McKennaii the Thaumaturge (level 12, -1/62 HPs)
             Began as a Deep Elf Fire Elementalist on May 14, 2017.
             Was a High Priest of Vehumet.
             Killed from afar by Azrael (30 damage)
             ... with damnation
             ... on level 13 of the Dungeon.
             The game lasted 00:52:46 (15867 turns).

McKennaii the Thaumaturge (DEFE)                   Turns: 15867, Time: 00:52:47

Health: -1/62      AC:  9    Str:  5    XL:     12   Next: 66%
Magic:  19/41      EV: 15    Int: 26    God:    Vehumet [*****.]
Gold:   636        SH:  0    Dex: 23    Spells: 9 memorised, 8 levels left

rFire  . . .     SeeInvis .     D - +2 quarterstaff (chaos)
rCold  . . .     Gourm    .     J - +3 leather armour {rPois}
rNeg   . . .     Faith    .     (shield currently unavailable)
rPois  +         Spirit   .     g - +0 helmet
rElec  .         Reflect  .     E - +0 cloak
rCorr  .         Harm     .     L - +0 pair of gloves
MR     +....                    (no boots)
Stlth  +++.......               O - amulet "Patiecw" {RegenMP Dex+3}
                                R - ring of magical power
                                I - +5 ring of dexterity

@: about to teleport, very slightly contaminated
A: no striking features
a: Renounce Religion


You were on level 13 of the Dungeon.
You worshipped Vehumet.
Vehumet was extremely pleased with you.
You were very hungry.

You visited 2 branches of the dungeon, and saw 14 of its levels.
You also visited: Sewer.

You collected 636 gold pieces.

Inventory:

Hand Weapons
 D - a +2 quarterstaff of chaos (weapon)
Armour
 g - a +0 helmet (worn)
 E - a +0 cloak (worn)
 J - a +3 leather armour of poison resistance (worn)
 L - a +0 pair of gloves (worn)
Jewellery
 a - the ring "Legi" {rN++ MP+9 Int-4 SInv}
   (You acquired it on level 10 of the Dungeon)

   [ring of magical power]

   It affects your intelligence (-4).
   It greatly protects you from negative energy.
   It affects your magic capacity (+9).
   It lets you see invisible.
 I - a +5 ring of dexterity (left hand)
 O - the amulet "Patiecw" (around neck) {RegenMP Dex+3}
   (You found it on level 7 of the Dungeon)

   [amulet of magic regeneration]

   It increases your magic regeneration.
   It affects your dexterity (+3).
 R - a ring of magical power (right hand)
 V - an uncursed ring of flight
Wands
 W - a wand of teleportation (6/9)
Scrolls
 d - 2 scrolls of amnesia
 h - 4 scrolls of remove curse
 j - a scroll of identify
 m - 2 scrolls of fear {unknown}
 o - 3 scrolls of immolation {unknown}
 r - 3 scrolls of noise {unknown}
 t - 3 scrolls of enchant weapon {unknown}
 w - a scroll of recharging
 x - a scroll of blinking
 G - 2 scrolls of enchant armour
 X - a scroll of teleportation
Potions
 i - 3 potions of curing
 k - 2 potions of resistance
 q - 4 potions of brilliance
 s - a potion of agility {unknown}
 u - 2 potions of heal wounds
 v - a potion of cancellation {unknown}
 z - 3 potions of lignification
 A - a potion of magic {unknown}
 B - 3 potions of cure mutation
 C - 2 potions of invisibility
 F - a potion of haste {unknown}
 K - a potion of flight {unknown}
Books
 b - a book of Flames

   Spells                             Type                      Level
   a - Flame Tongue                   Conjuration/Fire             1
   b - Throw Flame                    Conjuration/Fire             2
   c - Conjure Flame                  Conjuration/Fire             3
   d - Inner Flame                    Hexes/Fire                   3
   e - Sticky Flame                   Conjuration/Fire             4
   f - Fireball                       Conjuration/Fire             5
 l - a book of Cantrips

   Spells                             Type                      Level
   a - Confusing Touch                Hexes                        1
   b - Animate Skeleton               Necromancy                   1
   c - Summon Small Mammal            Summoning                    1
   d - Apportation                    Translocation                1
 N - a book of Geomancy

   Spells                             Type                      Level
   a - Sandblast                      Earth                        1
   b - Passwall                       Transmutation/Earth          2
   c - Stone Arrow                    Conjuration/Earth            3
   d - Petrify                        Transmutation/Earth          4
   e - Lee's Rapid Deconstruction     Earth                        5
 P - a book of Enchantments

   Spells                             Type                      Level
   a - Cause Fear                     Hexes                        4
   b - Yara's Violent Unravelling     Hexes/Transmutation          5
   c - Silence                        Hexes/Air                    5
   d - Deflect Missiles               Charms/Air                   6
   e - Discord                        Hexes                        8
Comestibles
 c - 9 bread rations
 f - 2 beef jerkies
 p - 13 royal jellies
 M - 10 fruits
 Q - 3 slices of pizza
 T - 2 meat rations


   Skills:
 + Level 2.3 Fighting
 + Level 0.6 Staves
 + Level 3.4 Armour
 + Level 5.0 Dodging
 + Level 5.0 Stealth
 + Level 14.9 Spellcasting
 + Level 12.1 Conjurations
 + Level 13.1 Fire Magic


You had 8 spell levels left.
You knew the following spells:

 Your Spells              Type           Power        Failure   Level  Hunger
a - Flame Tongue          Conj/Fire      #####        1%          1    None
b - Throw Flame           Conj/Fire      ######       1%          2    None
c - Conjure Flame         Conj/Fire      ######..     1%          3    None
d - Searing Ray           Conj           ######       1%          2    None
e - Ignite Poison         Fire/Tmut/Pois #####...     1%          3    None
f - Fireball              Conj/Fire      ######....   1%          5    #......
g - Cause Fear            Hex            ###.......   47%         4    None
h - Orb of Destruction    Conj           ######....   9%          7    ######.
i - Iskenderun's Battles  Conj/Chrm      ######..     3%          5    #......


Dungeon Overview and Level Annotations

Branches:
Dungeon (13/15)            Temple (1/1) D:5            Lair (0/6) D:8
    Orc (0/2) D:10
 Vaults: D:13-14

Altars:
Cheibriados
Dithmenos
Elyvilon
Gozag
Hepliaklqana
Kikubaaqudgha
Makhleb
Okawaru
Qazlal
Ru
Sif Muna
Vehumet
Xom
Yredelemnul
Zin

Annotations:
D:13 Azrael


Message History

You blow up the hell hound!
Vehumet accepts your kill.
Casting: Orb of Destruction
Confirm with . or Enter, or press ? or * to list all spells.
You can't see any susceptible monsters within range! (Use Z to cast anyway.)
Casting: Orb of Destruction
Confirm with . or Enter, or press ? or * to list all spells.
Aiming: Orb of Destruction
Press: ? - help, Shift-Dir - straight line, f - hell hound
Aim: a hell hound (magical condensation)
You are feeling very hungry.
The wavering orb of destruction hits the hell hound.
You blow up the hell hound!
Vehumet accepts your kill.
You feel your power returning.
As you read the scroll of teleportation, it crumbles to dust.
You feel strangely unstable. Azrael gestures at you.
The sphere of damnation explodes!
The damnation engulfs you!
You die...

######## ####
####%.....# #...
#.%R...%..# #...
...§§§#§.....# #...
.%.#. #.E....# #... .
#§ #...@..# ### #...
..######.# #.####...
.......†.# #...#....
#####....## #...#.†..
##..##.....# #...#....
.....'.....# #...#....
....#.....# ##'##....
###
#.)#########....####
###.###..###..#..#....#


You could see Azrael and a fire elemental.

Vanquished Creatures
  Kirke (D:12)
  Snorg (D:12)
  The ghost of CALLOUS the Grappler, a novice VSHu of Kikubaaqudgha (D:10)
  4 hill giants
  Pikel (D:4)
  2 ugly things (D:13)
  2 slime creatures (D:13)
  A centaur zombie (D:12)
  A kobold demonologist (D:10)
  4 trolls
  2 two-headed ogres
  3 hornets
  2 hippogriffs
  13 yaks
  A vampire (D:13)
  A wraith (D:13)
  3 hogs (D:12)
  A basilisk (D:11)
  A fire elemental (D:12)
  A steam dragon (D:10)
  2 vampire mosquitoes (D:12)
  2 wargs (D:10)
  3 soldier ants
  Duvessa (D:6)
  A water moccasin (D:8)
  4 porcupines (D:8)
  4 hell hounds (D:13)
  A hornet zombie (D:5)
  7 orc warriors
  A slave (D:5)
  4 ice beasts
  2 sky beasts
  4 phantoms
  An eye of draining (D:6)
  8 ogres
  3 centaurs
  17 big kobolds
  14 bullfrogs
  A wyvern zombie (D:12)
  2 gnoll sergeants
  Dowan (D:6)
  A wyvern skeleton (D:9)
  4 scorpions
  4 killer bees (D:8)
  A howler monkey (D:8)
  A crimson imp (D:12)
  2 quasits
  9 jellies
  14 hounds
  Crazy Yiuf (D:4)
  7 orc priests
  13 orc wizards
  2 bullfrog skeletons
  4 centaur skeletons
  4 hell rats
  14 worker ants
  A killer bee zombie (D:6)
  A hound zombie (D:7)
  A hound skeleton (D:9)
  14 gnolls
  19 adders
  12 river rats
  A shadow imp (D:11)
  3 oozes
  9 worms
  2 dart slugs
  6 leopard geckos
  75 orcs
  10 giant cockroaches
  3 hobgoblins
  15 jackals
  3 quokkas
  6 ball pythons
  5 bats
  4 frilled lizards
  2 gnoll zombies (D:2)
  5 goblins
  37 kobolds
  A leopard gecko skeleton (D:6)
  2 quokka skeletons
  34 rats
481 creatures vanquished.

Notes
Turn   | Place    | Note
-------+----------+-------------------------------------------
     0 | D:1      | McKennaii the Deep Elf Fire Elementalist began the quest for the Orb.
     0 | D:1      | Reached XP level 1. HP: 10/10 MP: 6/6
   167 | D:1      | Reached XP level 2. HP: 15/15 MP: 2/8
   677 | D:2      | Reached XP level 3. HP: 15/19 MP: 3/10
   681 | D:2      | Learned a level 2 spell: Throw Flame
   685 | D:2      | Learned a level 3 spell: Conjure Flame
   743 | D:2      | Found a basalt altar of Yredelemnul.
  1665 | D:3      | Reached XP level 4. HP: 22/24 MP: 7/11
  1832 | D:3      | Reached skill level 4 in Spellcasting
  2010 | D:3      | HP: 1/24 [cloud of steam (8)]
  2048 | D:3      | Found a glowing drain.
  2093 | Sewer    | Entered a sewer
  2300 | Sewer    | Noticed a big kobold
  2310 | Sewer    | Killed a big kobold
  2310 | Sewer    | Reached XP level 5. HP: 28/28 MP: 9/14
  2317 | Sewer    | Learned a level 5 spell: Fireball
  2331 | Sewer    | Reached skill level 5 in Spellcasting
  2331 | Sewer    | Reached skill level 5 in Fire Magic
  2489 | Sewer    | Reached XP level 6. HP: 32/32 MP: 7/15
  3167 | D:3      | Reached skill level 6 in Spellcasting
  3635 | D:3      | Reached XP level 7. HP: 36/36 MP: 10/18
  3680 | D:3      | Found a shimmering altar of Xom.
  3770 | D:3      | Found a sacrificial altar of Ru.
  4800 | D:4      | Found a runed door.
  4882 | D:4      | Noticed Crazy Yiuf
  4887 | D:4      | Killed Crazy Yiuf
  4887 | D:4      | Reached skill level 7 in Spellcasting
  4963 | D:5      | Entered Level 5 of the Dungeon
  4978 | D:5      | Found a staircase to the Ecumenical Temple.
  4988 | Temple   | Entered the Ecumenical Temple
  5035 | Temple   | Became a worshipper of Vehumet
  5120 | D:5      | Found a hazy altar of Hepliaklqana.
  5183 | D:4      | Reached skill level 1 in Fighting
  5183 | D:4      | Reached XP level 8. HP: 7/43 MP: 1/20
  5509 | D:5      | Noticed Pikel
  5746 | D:4      | Killed Pikel
  5746 | D:4      | Reached skill level 8 in Spellcasting
  5746 | D:4      | Reached skill level 5 in Conjurations
  6603 | D:5      | Found an opulent altar of Gozag.
  6918 | D:6      | Reached XP level 9. HP: 48/48 MP: 10/23
  7084 | D:6      | Reached skill level 9 in Spellcasting
  7208 | D:6      | Found a shadowy altar of Dithmenos.
  7222 | D:6      | Reached * piety under Vehumet
  7222 | D:6      | Offered knowledge of Sting by Vehumet.
  7409 | D:6      | Noticed Duvessa
  7422 | D:6      | Noticed Dowan
  7426 | D:6      | Killed Duvessa
  7673 | D:6      | Found a sacrificial altar of Ru.
  7735 | D:6      | Killed Dowan
  7955 | D:7      | Got a faintly glowing tin amulet
  8008 | D:7      | Identified the amulet "Patiecw" {RegenMP Dex+3} (You found it on level 7 of the Dungeon)
  8057 | D:7      | Reached skill level 1 in Armour
  8224 | D:7      | Offered knowledge of Searing Ray by Vehumet.
  8228 | D:7      | Learned a level 2 spell: Searing Ray
  8249 | D:7      | Reached ** piety under Vehumet
  8453 | D:7      | Offered knowledge of Ignite Poison by Vehumet.
  8566 | D:7      | Learned a level 3 spell: Ignite Poison
  8571 | D:7      | Learned a level 4 spell: Cause Fear
  8586 | D:7      | Reached *** piety under Vehumet
  9074 | D:8      | Reached skill level 10 in Spellcasting
  9162 | D:8      | Offered knowledge of Iskenderun's Mystic Blast by Vehumet.
  9173 | D:8      | Reached XP level 10. HP: 53/53 MP: 21/26
  9444 | D:8      | Reached **** piety under Vehumet
  9454 | D:8      | Reached skill level 10 in Fire Magic
  9536 | D:8      | Offered knowledge of Bolt of Magma by Vehumet.
  9565 | D:8      | Reached skill level 11 in Spellcasting
  9620 | D:8      | Found a staircase to the Lair.
 10425 | D:9      | Found a stormy altar of Qazlal.
 10865 | D:9      | Reached XP level 11. HP: 57/57 MP: 25/28
 10978 | D:9      | Reached skill level 12 in Spellcasting
 10980 | D:9      | Reached ***** piety under Vehumet
 11415 | D:9      | Offered knowledge of Orb of Destruction by Vehumet.
 11424 | D:9      | Learned a level 7 spell: Orb of Destruction
 11658 | D:10     | Entered Level 10 of the Dungeon
 11806 | D:10     | Reached skill level 10 in Conjurations
 11945 | D:10     | Identified a scroll of acquirement
 11948 | D:10     | Got a sparkling platinum ring
 11952 | D:10     | Identified the ring "Legi" {rN++ MP+9 Int-4 SInv} (You acquired it on level 10 of the Dungeon)
 12136 | D:10     | Found a staircase to the Orcish Mines.
 12287 | D:10     | Noticed CALLOUS's ghost (novice VSHu)
 12290 | D:10     | Noticed a hill giant
 12310 | D:10     | Killed CALLOUS's ghost
 12391 | D:10     | Killed a hill giant
 12720 | D:10     | Reached skill level 13 in Spellcasting
 13015 | D:10     | Noticed a hill giant
 13045 | D:10     | Killed a hill giant
 13081 | D:11     | Noticed a hill giant
 13085 | D:11     | Killed a hill giant
 13190 | D:11     | HP: 1/57 [something (7)]
 13504 | D:11     | Noticed a hill giant
 13508 | D:11     | Killed a hill giant
 13975 | D:12     | Noticed Kirke
 14129 | D:12     | Reached XP level 12. HP: 42/62 MP: 22/31
 14340 | D:12     | Killed Kirke
 14340 | D:12     | Reached skill level 14 in Spellcasting
 14704 | D:12     | Noticed Snorg
 14711 | D:12     | Killed Snorg
 15001 | D:13     | Noticed Azrael
 15021 | D:12     | HP: 3/62 [fire elemental[Azrael] (9)]
 15477 | D:13     | Offered knowledge of Iskenderun's Battlesphere by Vehumet.
 15484 | D:13     | Learned a level 5 spell: Iskenderun's Battlesphere
 15739 | D:13     | Reached skill level 5 in Stealth
 15860 | D:13     | Reached skill level 5 in Dodging
 15867 | D:13     | Killed from afar by Azrael

Skill      XL: |  1  2  3  4  5  6  7  8  9 10 11 12 |
---------------+-------------------------------------+-----
Fire Magic     | 4 5 7 8 9 10 12 13 | 13.1
Conjurations   | 2 3 4 6 8 9 11 12 | 12.1
Spellcasting   | 4 5 6 7 8 10 11 13 14 | 14.9
Stealth        | 3 4 5 |  5.0
Dodging        | 3 4 5 |  5.0
Fighting       | 1 2 |  2.3
Armour         | 1 2 3 |  3.4
Staves         | |  0.6

Action                   |  1- 3 |  4- 6 |  7- 9 | 10-12 || total
-------------------------+-------+-------+-------+-------++-------
Melee: Unarmed           |     3 |     1 |     6 |    18 ||    28
       Quarterstaff      |       |       |     4 |       ||     4
 Cast: Flame Tongue      |    79 |    77 |   392 |   463 ||  1011
       Throw Flame       |     1 |    26 |    46 |   121 ||   194
       Fireball          |       |       |    12 |    93 ||   105
       Conjure Flame     |       |       |    10 |    38 ||    48
       Orb of Destructio |       |       |       |     7 ||     7
       Searing Ray       |       |       |       |     7 ||     7
  Use: Scroll            |       |       |     2 |    21 ||    23
       Potion            |       |       |     2 |     3 ||     5
  Eat: Chunk             |     2 |     6 |    12 |    26 ||    46
       Pizza             |       |       |     1 |     1 ||     2
       Fruit             |       |       |     3 |       ||     3
       Meat ration       |       |       |     1 |       ||     1
Armor: Robe              |     4 |     5 |     7 |       ||    16
       Leather armour    |       |       |    47 |    47 ||    94
Dodge: Dodged            |    17 |    29 |   141 |   113 ||   300
